 Dungeon Crawl Stone Soup version 0.22.1-1-ga44c0e56f4 (webtiles) character file.

36 LLavrengius the Caller (level 3, -4/28 HPs)
             Began as a Barachi Summoner on Sept 22, 2018.
             Slain by a gnoll (5 damage)
             ... on level 1 of the Dungeon.
             The game lasted 00:09:34 (2115 turns).

LLavrengius the Caller (Barachi Summoner)           Turns: 2115, Time: 00:09:35

Health: -4/28      AC:  2    Str: 15    XL:     3   Next: 37%
Magic:  1/6        EV: 12    Int: 15    God:
Gold:   59         SH:  0    Dex: 12    Spells: 4/7 levels left

rFire    . . .     SeeInvis .   k - +0 mace
rCold    . . .     Gourm    .   (no shield)
rNeg     . . .     Faith    .   a - +0 robe
rPois    .         Spirit   .   (no helmet)
rElec    .         Reflect  .   (no cloak)
rCorr    .         Harm     .   (no gloves)
MR       .....                  (no boots)
Stlth    ++........             (no amulet)
HPRegen  0.09/turn              (no ring)
MPRegen  0.10/turn              (no ring)

@: mighty, can't hop, very slightly contaminated, slow
A: +LOS, swims, slowness 1, strong legs 1
a: Hop


You were on level 1 of the Dungeon.
You were very hungry.

You visited 1 branch of the dungeon, and saw 2 of its levels.

You collected 59 gold pieces.

Inventory:

Hand Weapons
 b - a +0 club
 h - a +0 vampiric dagger
 k - a +0 mace (weapon)
Missiles
 d - 15 bolts
 l - 77 stones (quivered)
 n - 22 sling bullets
Armour
 a - a +0 robe (worn)
Scrolls
 g - a scroll of amnesia {unknown}
 i - a scroll of identify {unknown}
 j - 2 scrolls of noise {unknown}
Potions
 e - 2 potions of haste {unknown}
 m - a potion of invisibility {unknown}
 o - 2 potions of heal wounds {unknown}
Comestibles
 p - a ration


   Skills:
 * Level 2.9 Fighting
 - Level 2.1 Dodging
 - Level 1.7 Stealth
 + Level 2.5 Spellcasting
 - Level 5.0 Summonings


You had 4 spell levels left.
You knew the following spells:

 Your Spells              Type           Power        Failure   Level  Hunger
a - Summon Small Mammal   Summ           ###.         2%          1    #......
b - Call Imp              Summ           ###.....     4%          2    ###....

Your spell library contained the following spells:

 Spells                   Type           Power        Failure   Level  Hunger
 Call Canine Familiar     Summ           ###.....     9%          3    ###....
 Summon Guardian Golem    Hex/Summ       #.......     22%         3    ###....
 Summon Ice Beast         Ice/Summ       #.......     58%         4    #####..
 Summon Lightning Spire   Summ/Air       #.......     58%         4    #####..


Dungeon Overview and Level Annotations

Branches:
Dungeon (2/15)

Altars:
Fedhas


Innate Abilities, Weirdness & Mutations

Shadows flee at your approach. (+LOS)
You can swim through water.
You cover ground slowly.
You can hop short distances.


Message History

You hit the gnoll.
The gnoll is almost dead.
Your bat hits the gnoll but does no damage.
Your bat completely misses the gnoll.
Your bat hits the gnoll.
Your bat hits the gnoll but does no damage.
The gnoll hits your bat but does no damage.
The gnoll hits your bat.
Your bat dies!
Your bat's corpse disappears in a puff of smoke!
The gnoll shouts! x2
You barely miss the gnoll.
The gnoll is almost dead.
The gnoll misses you.
Unknown command.
You closely miss the gnoll.
The gnoll is almost dead.
The gnoll hits you.
* * * LOW HITPOINT WARNING * * *
The gnoll hits you.
You die...

#.# #....# #.#
#....# #####.#
#....# ##....#
#....#
##....###....#
...........>ยง#####
.#..........bg.)g#
.####.#.#....###g#
.####.#.###'## #@#
....#.#.###.# #.#
..........#.# #.#
......#...#.# #.#
......#...#.# #.#
......#...#.####.#
#.##..#...#....#.#
#..#..#...####.#.#
##.#..#...# #.#.#


You could see 2 gnolls.

Vanquished Creatures
  2 bats
  A frilled lizard (D:2)
  A kobold (D:1)
  4 rats
8 creatures vanquished.

Vanquished Creatures (collateral kills)
  2 gnolls (D:2)
  An ooze (D:2)
  A worm (D:2)
  2 dart slugs (D:1)
  A giant cockroach (D:1)
  4 hobgoblins (D:1)
  2 kobolds
  A frilled lizard (D:2)
  5 goblins (D:1)
  A rat (D:1)
20 creatures vanquished.

Grand Total: 28 creatures vanquished

Notes
Turn   | Place    | Note
-------+----------+-------------------------------------------
     0 | D:1      | LLavrengius the Barachi Summoner began the quest for the
                  | Orb.
     0 | D:1      | Reached XP level 1. HP: 13/13 MP: 3/3
   258 | D:1      | Reached skill level 1 in Fighting
   297 | D:1      | Reached skill level 5 in Summonings
   341 | D:1      | Reached XP level 2. HP: 5/21 MP: 0/5
   779 | D:1      | Learned a level 2 spell: Call Imp
  1423 | D:2      | Reached XP level 3. HP: 28/28 MP: 1/6
  1523 | D:2      | Found a blossoming altar of Fedhas.
  2111 | D:1      | HP: 1/28 [gnoll (4)]
  2115 | D:1      | Slain by a gnoll

Skill      XL: |  1  2 |
---------------+-------+-----
Fighting       | 1 2 |  2.9
Summonings     | 5 |  5.0
Dodging        | |  2.1
Stealth        | |  1.7
Spellcasting   | |  2.5

Action                   || total
-------------------------++-------
Melee: Unarmed           ||    11
       Club              ||     3
       Mace              ||    23
 Cast: Summon Small Mamm ||    36
       Call Imp          ||    11
 Abil: Hop               ||     1
  Use: Potion            ||     1
 Stab: Sleeping          ||     2
  Eat: Chunk             ||     1
       Ration            ||     1
Armor: Robe              ||     4
Dodge: Dodged            ||    36
